 Dungeon Crawl Stone Soup version 0.26-a0-660-gc07710193c (webtiles) character file.

Game seed: 11164320266173824585

143 ringo67 the Insei (level 5, 0/35 HPs)
             Began as an Octopode Transmuter on Oct 5, 2020.
             Killed by divine providence
             ... invoked by an orc priest
              (12 damage)
             ... on level 3 of the Dungeon.
             The game lasted 00:04:48 (3274 turns).

ringo67 the Insei (Octopode Transmuter)             Turns: 3274, Time: 00:04:51

Health: 0/35       AC:  1    Str: 11    XL:     5   Next: 25%
Magic:  8/8        EV: 13    Int: 15    God:
Gold:   97         SH:  0    Dex: 12    Spells: 7/8 levels left

rFire    . . .     SeeInvis .     - Unarmed
rCold    . . .     Faith    .   (no shield)
rNeg     . . .     Spirit   .   (helmet currently unavailable)
rPois    .         Reflect  .   (no amulet)
rElec    .         Harm     .   (no ring)
rCorr    .         Rampage  .   (no ring)
MR       .....                  (no ring)
Stlth    ++........             (no ring)
HPRegen  0.11/turn              (no ring)
MPRegen  0.11/turn              (no ring)
                                (no ring)
                                (no ring)

@: appendages
A: almost no armour, stealthy swim, amphibious, 8 rings, constrict 8, tentacle
spike 3, camouflage 1, gelatinous body 1
a: End Transformation


You were on level 3 of the Dungeon.
One of your tentacles had a temporary spike.
You visited 1 branch of the dungeon, and saw 3 of its levels.

You collected 97 gold pieces.

Inventory:

Scrolls
 b - 2 scrolls of identify {unknown}
 e - 2 scrolls of remove curse {unknown}
 f - a scroll of enchant armour {unknown}
 g - a scroll of enchant weapon {unknown}
 h - a scroll of amnesia {unknown}
 k - a scroll of magic mapping {unknown}
Potions
 a - a potion of flight {unknown}
 c - a potion of mutation {unknown}
 d - 2 potions of curing {unknown}
 i - a potion of magic {unknown}
 j - 2 potions of degeneration {unknown}
 l - 2 potions of heal wounds {unknown}
 m - a potion of brilliance {unknown}


   Skills:
 + Level 2.4 Fighting
 - Level 2.0 Dodging
 * Level 4.6 Unarmed Combat
 - Level 2.0 Spellcasting
 + Level 3.1 Transmutations


You had 7 spell levels left.
You knew the following spells:

 Your Spells              Type           Power        Failure   Level
a - Beastly Appendage     Tmut           ##....       6%          1

Your spell library contained the following spells:

 Spells                   Type           Power        Failure   Level
 Wereblood                Tmut           ##......     10%         2
 Spider Form              Tmut/Pois      #.........   34%         3
 Ice Form                 Ice/Tmut       #.......     75%         4
 Blade Hands              Tmut           ##........   86%         5


Dungeon Overview and Level Annotations

Branches:
Dungeon (3/15)

Altars:
Dithmenos


Innate Abilities, Weirdness & Mutations

You cannot wear most types of armour.
You are very stealthy in the water. (Stealth+)
You are amphibious.
You can wear up to eight rings at the same time.
You can use your tentacles to constrict eight enemies at once.
Your skin changes colour to match your surroundings (Stealth+).
Your rubbery body absorbs attacks. (AC +1, EV +1)
One of your tentacles bears a large vicious spike.


Message History

Your grab misses the orc priest.
You pierce the orc priest.
Your squeeze misses the orc priest.
The orc priest is heavily wounded.
The orc priest barely misses you.
You closely miss the orc priest. Your grab misses the orc priest.
The orc priest is heavily wounded.
The orc priest hits you with a +0 club.
You tentacle-slap the orc priest. You grab the orc priest.
The orc priest is heavily wounded.
You constrict the orc priest, but do no damage.
The orc priest hits you with a +0 club.
You are too injured to fight recklessly!
You tentacle-slap the orc priest but do no damage.
You pierce the orc priest.
You squeeze the orc priest, but do no damage.
The orc priest is heavily wounded.
You constrict the orc priest, but do no damage.
The orc priest mumbles some strange prayers to Beogh against you.
Beogh smites you!
You die...

###.# #.......#.†<#
.##.###.......#)###
.'..).).......#.#
.######...[..÷#.# #######
.############.#)###.....#
.#.............).##.....# #
.#.#####.........##.....####..
.#.##............##....<......
.#..............@##..........o
#.........#....o###...........
#.........#.....'.....o.......
..........#.....#######......r
...#####.##.....###########..h
..........+.....'(...... #.
##.#####<##.....########
#..........###.# #..........#
#.#


You could see an orc priest.

Vanquished Creatures
  A scorpion (D:2)
  Robin (D:3)
  2 adders (D:2)
  An ooze (D:1)
  2 worms (D:2)
  2 dart slugs
  A leopard gecko (D:2)
  An orc (D:3)
  A bat (D:3)
  15 goblins
  6 hobgoblins
  5 kobolds
  3 frilled lizards
  7 rats
48 creatures vanquished.

Notes
Turn   | Place    | Note
-------+----------+-------------------------------------------
     0 | D:1      | ringo67 the Octopode Transmuter began the quest for the
                  | Orb.
     0 | D:1      | Reached XP level 1. HP: 13/13 MP: 3/3
   320 | D:1      | Reached XP level 2. HP: 18/18 MP: 3/5
   829 | D:2      | Found a shadowy altar of Dithmenos.
   835 | D:2      | Reached XP level 3. HP: 10/23 MP: 6/6
  1183 | D:2      | Noticed a scorpion
  1972 | D:2      | Reached skill level 4 in Unarmed Combat
  1998 | D:2      | Reached XP level 4. HP: 29/29 MP: 7/7
  2517 | D:3      | Noticed Robin
  2530 | D:3      | Reached XP level 5. HP: 27/34 MP: 6/8
  3044 | D:3      | Killed Robin
  3274 | D:3      | Killed from afar by an orc priest

Illustrated notes

Levels and vault maps discovered:
D:1:      dpeg_arrival_windows_large_door, layout_basic, feat_on_display
D:2:      layout_basic, nicolae_dithmenos_shadow_blocks
D:3:      layout_basic, uniq_robin

Skill      XL: |  1  2  3  4 |
---------------+-------------+-----
Unarmed Combat | 4 |  4.6
Fighting       | 2 |  2.4
Transmutations | 3 |  3.1
Dodging        | |  2.0
Spellcasting   | |  2.0

Action                   |  1- 3 |  4- 6 || total
-------------------------+-------+-------++-------
Melee: Unarmed           |    61 |    53 ||   114
       Constrict         |    17 |    15 ||    32
       Tentacles         |    12 |     9 ||    21
       Kick              |     3 |    14 ||    17
       Punch             |     1 |     2 ||     3
 Cast: Beastly Appendage |     8 |     6 ||    14
 Stab: Sleeping          |     8 |     1 ||     9
Armor: Skin              |     4 |     3 ||     7
Dodge: Dodged            |    26 |    26 ||    52

Table legend: (Time is in decaauts)
 A = Elapsed time spent in this place.
 B = Non-inter-level travel time spent in this place.
 C = Inter-level travel time spent in this place.
 D = Time resting spent in this place.
 E = Time spent auto-exploring this place.
 F = Levels seen in this place.
 G = Mean time per level.
                   A        B        C        D        E       F      G
               +--------+--------+--------+--------+--------+-----+--------+
         Total |   3266 |   3221 |     45 |   1233 |   1521 |   3 | 1088.7 |
       Dungeon |   3266 |   3221 |     45 |   1233 |   1521 |   3 | 1088.7 |
               +--------+--------+--------+--------+--------+-----+--------+

Top non-repeatable levels by time:
     D:2: 1958 daAuts
     D:1: 980 daAuts
     D:3: 327 daAuts
